 Dungeon Crawl Stone Soup version 0.23.2-33-g5129a83184 (webtiles) character file.

Game seed: 13791010255037873848

1 MalarOregon the Grave Robber (level 1, 0/14 HPs)
             Began as a Ghoul Necromancer on July 11, 2019.
             Slain by a kobold (2 damage)
             ... on level 1 of the Dungeon.
             The game lasted 00:00:46 (41 turns).

MalarOregon the Grave Robber (Ghoul Necromancer)      Turns: 41, Time: 00:00:47

Health: 0/14       AC:  2    Str: 11    XL:     1   Next: 20%
Magic:  0/2        EV: 12    Int: 10    God:
Gold:   0          SH:  0    Dex:  9    Spells: 2/3 levels left

rFire    . . .     SeeInvis .   (no weapon)
rCold    + . .     Gourm    .   (no shield)
rNeg     + + +     Faith    .   a - +0 robe
rPois    ∞         Spirit   .   (no helmet)
rElec    .         Reflect  .   (no cloak)
rCorr    .         Harm     .   (no gloves)
MR       .....                  (no boots)
Stlth    ++........             (no amulet)
HPRegen  0.00/turn              (no ring)
MPRegen  0.08/turn              (no ring)

@: rotting
A: rotting body, claws 1, carnivore, cold resistance 1, negative energy
resistance 3, inhibited regeneration, torment resistance, unbreathing
a: no special abilities


You were on level 1 of the Dungeon.
You were not hungry.

You visited 1 branch of the dungeon, and saw 1 of its levels.

Inventory:

Armour
 a - a +0 robe (worn)
Comestibles
 e - a ration {!d}


   Skills:
 + Level 0.1 Fighting
 + Level 1.8 Dodging
 + Level 2.2 Stealth
 + Level 1.8 Spellcasting
 - Level 4.0 Necromancy


You had 2 spell levels left.
You knew the following spells:

 Your Spells              Type           Power        Failure   Level  Hunger
a - Pain                  Necr           #...         6%          1    ##.....

Your spell library contained the following spells:

 Spells                   Type           Power        Failure   Level  Hunger
 Animate Skeleton         Necr           N/A          6%          1    ##.....
 Vampiric Draining        Necr           #.........   19%         3    ####...
 Regeneration             Chrm/Necr      #.........   38%         3    ####...
 Animate Dead             Necr           N/A          52%         4    #####..


Dungeon Overview and Level Annotations

Branches:
Dungeon (1/15)

Altars:


Innate Abilities, Weirdness & Mutations

Your body is rotting away.
You thrive on raw meat.
You are immune to poison.
You have sharp fingernails.
You are carnivorous and can eat meat at any time.
Your flesh is cold resistant. (rC+)
You are immune to negative energy. (rN+++)
You do not regenerate when monsters are visible.
You are immune to unholy pain and torment.
You can survive without breathing.


Message History

e - a ration Welcome, MalarOregon the Ghoul Necromancer.
Will you be the one to retrieve the fabulous Orb of Zot from the depths?
Found a staircase leading out of the dungeon.
Found 13 stones and a glowing emerald potion.
Found a scroll labeled FOVVOULENI.
Found a murky dark potion and 5 gold pieces.
A kobold comes into view.
A kobold is nearby!
A kobold is nearby!
You can't see any susceptible monsters within range! (Use Z to cast anyway.)
Aim: a kobold (resting, chance to defeat MR: 73%)
The kobold shouts!
The kobold writhes in agony.
A kobold comes into view. It is wielding a +0 club.
Aim: a kobold (heavily wounded, chance to defeat MR: 73%)
The kobold struggles to resist.
The kobold shouts!
The kobold throws a stone.
The stone hits you.
You don't have enough magic to cast that spell.
Unknown command.
The kobold throws a stone.
The stone barely misses you.
The kobold throws a stone.
The stone hits you.
You see here a stone.
The kobold throws a stone.
The stone barely misses you.
You see here a stone.
The kobold throws a stone.
The stone barely misses you.
You see here a stone.
You start resting.
The kobold is too close now for your liking.
Aim: a kobold, wielding a +0 club (chance to defeat MR: 73%)
The kobold struggles to resist.
You closely miss the kobold. The kobold hits you with a +0 club.
* * * LOW HITPOINT WARNING * * *
You barely miss the kobold. The kobold closely misses you.
Aim: a kobold, wielding a +0 club (chance to defeat MR: 73%)
The kobold writhes in agony.
The kobold hits you but does no damage. The kobold misses you.
You scratch the kobold. The kobold hits you.
* * * LOW HITPOINT WARNING * * *
The kobold closely misses you.
You scratch the kobold.
You kill the kobold!
Training target 4.0 for Necromancy reached!
The kobold hits you.
You die...

.....# ..$..# .?...# .#
.....# #.#
.....####.######
..!.....K......#
...............#
...(...........##########
#.##(..........#@........
# #...(.......#)K.......
#......(..............
#..#####.#####..<.......
##. #.# ##....8.... ..
... #.....♣... ... .....
#......... .... ......#
#......... .. ......(#
#.........


You could see a kobold.

Vanquished Creatures
  A kobold (D:1)
1 creature vanquished.

Notes
Turn   | Place    | Note
-------+----------+-------------------------------------------
     0 | D:1      | MalarOregon the Ghoul Necromancer began the quest for the
                  | Orb.
     0 | D:1      | Reached XP level 1. HP: 14/14 MP: 2/2
    41 | D:1      | Slain by a kobold

Action                   || total
-------------------------++-------
Melee: Unarmed           ||     4
 Cast: Pain              ||     4
Armor: Robe              ||     1
Dodge: Dodged            ||     6
